 Dungeon Crawl Stone Soup version 0.24.1-8-ga250c9d538 (webtiles) character file.

Game seed: 15789286847993344125, levelgen mode: deterministic

70681 Hugehornet the Severer (level 15, -5/134 HPs)
             Began as a Hill Orc Fighter on Apr 29, 2020.
             Was the Champion of Okawaru.
             Slain by a harpy (12 damage)
             ... summoned by Kirke
             ... on level 13 of the Dungeon.
             The game lasted 01:18:07 (21133 turns).

Hugehornet the Severer (Hill Orc Fighter)          Turns: 21133, Time: 01:18:08

Health: -5/134     AC:  0    Str: 26    XL:     15   Next: 34%
Magic:  21/21      EV: 13    Int:  8    God:    Okawaru [******]
Gold:   1492       SH:  0    Dex: 10    Spells: 14/14 levels left

rFire    . . .     SeeInvis .   (weapon currently unavailable)
rCold    . . .     Gourm    .   (shield currently unavailable)
rNeg     . . .     Faith    +   (armour currently unavailable)
rPois    .         Spirit   .   (helmet currently unavailable)
rElec    .         Reflect  .   (cloak currently unavailable)
rCorr    .         Harm     .   (gloves currently unavailable)
MR       +....                  (boots currently unavailable)
Stlth    +.........             V - amulet of faith
HPRegen  0.32/turn              (ring currently unavailable)
MPRegen  0.17/turn              (ring currently unavailable)

@: about to teleport, pig-form, slowed
A: small
a: Heroism, Finesse, Renounce Religion


You were on level 13 of the Dungeon.
You worshipped Okawaru.
Okawaru was exalted by your worship.
You were not hungry.
You were a filthy swine.
You visited 3 branches of the dungeon, and saw 20 of its levels.
You also visited: Ossuary, Bailey, Gauntlet and Volcano.

You collected 1695 gold pieces.
You spent 203 gold pieces at shops.

Inventory:

Hand Weapons
 a - a +3 hand crossbow of freezing
 s - a +0 demon whip
 F - a +9 broad axe of draining (melded)
 L - a +0 morningstar
 M - the +10 war axe of Sin {chop, rElec rPois Dex-5}
   (Okawaru gifted it to you on level 4 of the Lair of Beasts)

   It inflicts extra damage upon your enemies.
   It affects your dexterity (-5).
   It insulates you from electricity.
   It protects you from poison.
 R - a +2 arbalest of flaming
Armour
 b - a +1 cloak of magic resistance
 c - a +0 shield (melded)
 i - a +2 pair of boots of flying
 q - the +2 pair of boots of the Assassin {Detection Stab+ Stlth++}
   (You found it in a volcano)

   It makes you much more stealthy.
 t - the +1 pair of boots of Repulsion (melded) {MR- Slay+5}
   (You found it in a Gauntlet)

   It affects your accuracy and damage with ranged weapons and melee attacks
   (+5).
   It affects your resistance to hostile enchantments.
 z - a +10 plate armour of fire resistance (melded)
 D - a scarf of repulsion (melded)
 H - the +0 pair of fencer's gloves (melded) {Riposte Dex+3}
   (Okawaru gifted it to you on level 6 of the Lair of Beasts)

   It affects your dexterity (+3).
Jewellery
 d - an uncursed amulet of regeneration
 l - an uncursed ring of resist corrosion
 m - an uncursed ring of wizardry {unknown}
 v - the ring "Taxtyribb" (melded) {rElec rF+ MR+ Int-5 Stlth+}
   (You found it in a Gauntlet)

   [ring of protection from magic]

   It affects your intelligence (-5).
   It protects you from fire.
   It insulates you from electricity.
   It affects your resistance to hostile enchantments.
   It makes you more stealthy.
 E - a +5 ring of evasion (melded)
 J - a +5 ring of dexterity {unknown}
 P - an uncursed ring of see invisible
 V - an amulet of faith (around neck)
 W - an uncursed amulet of the gourmand {unknown}
Wands
 g - a wand of flame (20)
 p - a wand of digging (9)
 w - a wand of random effects (18)
 K - a wand of iceblast (34)
 O - a wand of acid (17)
 Y - a wand of paralysis (11)
Scrolls
 h - 5 scrolls of blinking
 j - 9 scrolls of teleportation
 n - 4 scrolls of fog
 r - a scroll of magic mapping
 y - 13 scrolls of remove curse
 A - a scroll of enchant weapon
 G - 2 scrolls of immolation {unknown}
 N - a scroll of enchant armour
 U - a scroll of summoning {unknown}
 X - 4 scrolls of fear
 Z - a scroll of torment {unknown}
Potions
 e - a potion of might
 k - 2 potions of resistance
 o - 4 potions of haste
 u - 13 potions of curing
 x - 6 potions of agility
 B - a potion of ambrosia
 I - a potion of cancellation
 Q - 2 potions of berserk rage
 T - 2 potions of invisibility
Comestibles
 f - 28 rations


   Skills:
 + Level 12.3 Fighting
 - Level 18.1(18.9) Axes
 - Level 8.1(12.9) Maces & Flails
 - Level 12.3 Armour
 - Level 15.0 Shields
 - Level 8.0 Invocations


You had 14 spell levels left.
You didn't know any spells.
Your spell library contained the following spells:

 Spells                   Type           Power        Failure   Level  Hunger
 Animate Skeleton         Necr           N/A          41%         1    ##.....
 Apportation              Tloc           #.....       41%         1    ##.....
 Confusing Touch          Hex            #.....       41%         1    ##.....
 Corona                   Hex            #......      41%         1    ##.....
 Flame Tongue             Conj/Fire      #....        41%         1    ##.....
 Summon Small Mammal      Summ           #...         41%         1    ##.....
 Corpse Rot               Necr           N/A          54%         2    ###....
 Slow                     Hex            #.......     54%         2    ###....
 Sublimation of Blood     Necr           #.........   54%         2    ###....
 Throw Flame              Conj/Fire      #.....       54%         2    ###....
 Conjure Flame            Conj/Fire      #.......     78%         3    ####...
 Inner Flame              Hex/Fire       #.......     78%         3    ####...
 Portal Projectile        Hex/Tloc       #.....       78%         3    ####...
 Recall                   Summ/Tloc      N/A          78%         3    ####...
 Animate Dead             Necr           N/A          99%         4    #####..
 Cause Fear               Hex            #.........   99%         4    #####..
 Leda's Liquefaction      Hex/Erth       #.........   99%         4    #####..
 Sticky Flame             Conj/Fire      #.......     99%         4    #####..
 Agony                    Necr           #.......     100%        5    ######.
 Bolt of Draining         Conj/Necr      #.........   100%        5    ######.
 Borgnjor's Vile Clutch   Necr/Erth      #.........   100%        5    ######.
 Dispel Undead            Necr           #.......     100%        5    ######.
 Excruciating Wounds      Chrm/Necr      #.........   100%        5    ######.
 Fireball                 Conj/Fire      #.........   100%        5    ######.
 Irradiate                Conj/Tmut      #.........   100%        5    ######.
 Death Channel            Necr           #.........   100%        6    #######
 Hydra Form               Tmut           #.........   100%        6    #######
 Simulacrum               Ice/Necr       #.........   100%        6    #######
 Statue Form              Tmut/Erth      #........    100%        6    #######
 Dragon Form              Tmut           #.........   100%        7    #######
 Haunt                    Necr/Summ      #.........   100%        7    #######
 Borgnjor's Revivificati  Necr           #.........   100%        8    #######
 Death's Door             Chrm/Necr      #.........   100%        8    #######
 Infestation              Necr           #.........   100%        8    #######
 Necromutation            Tmut/Necr      #.........   100%        8    #######


Dungeon Overview and Level Annotations

Branches:
Dungeon (13/15)            Temple (1/1) D:5            Lair (6/6) D:8
  Swamp (0/4) Lair:4        Snake (0/4) Lair:4        Slime (0/5) Lair:5
    Orc (0/2) D:12         Vaults (0/5) D:13        Ossuary (visited)
 Bailey (visited)         Volcano (visited)         Gauntlet (visited)

Altars:
Ashenzari
Cheibriados
Dithmenos
Elyvilon
Fedhas
Gozag
Hepliaklqana
Kikubaaqudgha
Makhleb
Nemelex Xobeh
Okawaru
Qazlal
Ru
Sif Muna
Trog
Uskayaw
Vehumet
Wu Jian
Xom
Yredelemnul
Zin
The Shining One
Beogh
Jiyva

Shops:
D:5 %(   D:10 (

Annotations:
D:13 Kirke
Lair:2 exclusion: oklob plant
Lair:3 1 runed translucent door, Deesahac's ghost, journeyman BaFi


Message History

The harpy claws you! x2; The harpy completely misses you.
The harpy claws you! The harpy misses you. The harpy claws you! Kirke hits you!
You barely miss Kirke.
Kirke is heavily wounded.
The harpy screeches!
The harpy claws you. The harpy closely misses you. The harpy barely misses you.
The harpy claws you. Kirke hits you. The harpy closely misses you.
The harpy claws you!
* * * LOW HITPOINT WARNING * * *
As you read the scroll of teleportation, it crumbles to dust.
You feel strangely unstable.
The harpy screeches!
The harpy claws you!
* * * LOW HITPOINT WARNING * * *
The harpy claws you!
* * * LOW HITPOINT WARNING * * *
The harpy misses you. The harpy claws you!
* * * LOW HITPOINT WARNING * * *
The harpy barely misses you. The harpy claws you!
You die...

########################*********
......h................,,,,,,,,,,
...[....###............,,,,,,,,*,
.#####..# #.........#**,,,**,,,*,
.# #..# #.........# *,,,**,,,*,
.# #..# #....)....# *,,,**,,,*,
.# #..# #....@HH..# *,,,**,,,*,
.# #..# #.....h...# *,,,*#...#.
.# #..# #....H....# #...*#...#.
.# #..# #.........# #...##...#.
.####*,,* #.........# #...##...#.
.....,,,**#.........# #...##...#.
.....,,,,...........# #...##.....
..#***,,.....####...# #...##.....
..# *,,.....* #...# #...##(....
..# *,,,...,* #...###..........


You could see Kirke and 3 harpies.

Vanquished Creatures
  Jorgrun (D:13)
  A balrug (Gauntlet)
  Nessos (D:13)
  A stone giant (Volcano)
  A minotaur (Gauntlet)
  6 dire elephants (Lair:6)
  A vault guard (D:13)
  5 hydras
  3 centaur warriors (D:13)
  An anaconda (Lair:6)
  A tengu warrior (D:13)
  A fire crab (Lair:6)
  2 unseen horrors
  A necromancer (Lair:5)
  2 orc knights (Bailey)
  4 cyclopes (D:12)
  An ugly thing (D:13)
  A centaur zombie (D:13)
  25 elephants
  Joseph (D:9)
  2 molten gargoyles (Volcano)
  6 black mambas
  2 gargoyles
  A minotaur zombie (Gauntlet)
  6 spiny frogs
  A rime drake (Lair:5)
  An efreet (Volcano)
  6 komodo dragons
  A merfolk (D:10)
  A queen bee (Gauntlet)
  6 trolls
  7 slime creatures
  7 blink frogs
  4 hornets
  4 dream sheep (Lair:6)
  5 hippogriffs
  2 wraiths
  Sigmund (D:2)
  4 wyverns
  2 fire bats (Volcano)
  36 yaks
  A fire elemental (Volcano)
  4 basilisks
  4 hogs (D:13)
  2 hungry ghosts
  Eustachio (D:4)
  4 wargs (D:12)
  Menkaure (Ossuary)
  5 nagas (Lair:4)
  15 water moccasins
  A hell hound (Gauntlet)
  6 porcupines
  6 sky beasts
  2 ice beasts
  A necrophage (D:9)
  28 orc warriors
  A black bear (D:13)
  4 ogres
  9 centaurs
  2 phantoms (D:9)
  16 wolves
  10 crocodiles
  2 big kobolds
  8 bullfrogs
  2 earth elementals (Volcano)
  2 scorpions
  19 killer bees
  7 electric eels
  4 howler monkeys (D:9)
  6 crimson imps
  5 lava snakes (Volcano)
  A quasit (D:13)
  13 hounds
  7 jellies
  12 orc priests
  12 orc wizards
  5 centaur skeletons
  Jessica (D:2)
  Terence (D:2)
  An iguana (D:8)
  9 hell rats (Lair:3)
  2 polar bear simulacra (Lair:5)
  6 yak simulacra (Lair:5)
  8 worker ants
  A killer bee zombie (D:9)
  2 wolf simulacra (Lair:5)
  A hound skeleton (D:6)
  3 mummies (Ossuary)
  Robin (D:2)
  11 river rats (Lair:3)
  16 adders
  A shadow imp (D:7)
  2 oozes
  An adder zombie (D:5)
  4 worms
  A dart slug (D:3)
  7 leopard geckos
  101 orcs
  A ball python (D:4)
  5 giant cockroaches
  6 gnoll zombies (Ossuary)
  15 goblins
  10 hobgoblins
  6 jackals
  11 quokkas
  A ball python skeleton (D:4)
  5 bats
  6 frilled lizards
  3 gnoll skeletons (Ossuary)
  3 goblin skeletons (Ossuary)
  4 goblin zombies (Ossuary)
  7 hobgoblin skeletons (Ossuary)
  3 hobgoblin zombies (Ossuary)
  16 kobolds
  3 kobold skeletons (Ossuary)
  3 kobold zombies (Ossuary)
  A leopard gecko skeleton (D:4)
  5 orc skeletons (Ossuary)
  2 orc zombies (Ossuary)
  A quokka zombie (D:5)
  19 rats
  4 rat skeletons (Ossuary)
  7 rat zombies (Ossuary)
  A river rat simulacrum (Lair:5)
  A butterfly (Lair:6)
  7 fungi
  4 plants
733 creatures vanquished.

Vanquished Creatures (others)
  A demonic plant (Gauntlet)
  4 fungi
  10 plants
15 creatures vanquished.

Grand Total: 748 creatures vanquished

Notes
Turn   | Place    | Note
-------+----------+-------------------------------------------
     0 | D:1      | Hugehornet the Hill Orc Fighter began the quest for the
                  | Orb.
     0 | D:1      | Reached XP level 1. HP: 19/19 MP: 1/1
    18 | D:1      | Reached skill level 3 in Axes
   133 | D:1      | Reached XP level 2. HP: 26/26 MP: 2/2
   288 | D:1      | Reached skill level 4 in Axes
   602 | D:1      | Reached XP level 3. HP: 28/31 MP: 3/3
   929 | D:2      | Reached skill level 5 in Axes
  1115 | D:2      | Noticed Jessica
  1118 | D:2      | Killed Jessica
  1118 | D:2      | Reached XP level 4. HP: 39/39 MP: 4/4
  1127 | D:2      | Noticed Terence
  1143 | D:2      | Killed Terence
  1143 | D:2      | Reached skill level 6 in Axes
  1161 | D:2      | Noticed Sigmund
  1178 | D:2      | Killed Sigmund
  1178 | D:2      | Reached skill level 8 in Axes
  1178 | D:2      | Reached XP level 5. HP: 16/45 MP: 5/5
  1178 | D:2      | Reached XP level 6. HP: 18/51 MP: 6/6
  1748 | D:2      | Noticed Robin
  1765 | D:2      | Killed Robin
  2223 | D:3      | Reached skill level 9 in Axes
  2732 | D:4      | Found a sand-covered staircase.
  2737 | Ossuary  | Entered an ossuary
  3024 | Ossuary  | Reached XP level 7. HP: 57/57 MP: 7/7
  3189 | Ossuary  | Noticed Menkaure
  3198 | Ossuary  | Killed Menkaure
  3198 | Ossuary  | Reached skill level 10 in Axes
  3425 | D:4      | Noticed Eustachio
  3432 | D:4      | Killed Eustachio
  3432 | D:4      | Reached skill level 11 in Axes
  3645 | D:4      | Reached XP level 8. HP: 60/64 MP: 8/8
  3858 | D:4      | Reached skill level 12 in Axes
  4036 | D:5      | Entered Level 5 of the Dungeon
  4075 | D:5      | Found Umiesowo's Food Shop.
  4311 | D:5      | Found a staircase to the Ecumenical Temple.
  4320 | Temple   | Entered the Ecumenical Temple
  4359 | Temple   | Became a worshipper of Warmaster Okawaru
  4700 | D:5      | Found Kedavaomo's Antique Weapon Boutique.
  4708 | D:5      | Bought a runed broad axe for 203 gold pieces
  5072 | D:6      | Reached skill level 13 in Axes
  5317 | D:6      | Reached * piety under Okawaru
  5396 | D:6      | Found a shattered altar of Ashenzari.
  5409 | D:6      | Reached skill level 14 in Axes
  5409 | D:6      | Reached XP level 9. HP: 18/70 MP: 6/9
  6076 | D:7      | Found a sacrificial altar of Ru.
  6294 | D:8      | Found an opulent altar of Gozag.
  6353 | D:8      | Reached skill level 15 in Axes
  6590 | D:8      | Found a staircase to the Lair.
  6605 | D:8      | Reached ** piety under Okawaru
  6810 | D:9      | Reached skill level 16 in Axes
  6883 | D:8      | Found a glowing silver altar of Zin.
  6883 | D:8      | Found a basalt altar of Yredelemnul.
  6901 | D:8      | Noticed a troll
  6908 | D:8      | Killed a troll
  6942 | D:8      | Reached XP level 10. HP: 44/77 MP: 10/10
  7249 | D:9      | Reached skill level 17 in Axes
  7249 | D:9      | Reached *** piety under Okawaru
  7276 | D:9      | Noticed Joseph
  7301 | D:9      | Killed Joseph
  7436 | D:10     | Entered Level 10 of the Dungeon
  7455 | D:10     | Reached skill level 18 in Axes
  7514 | D:10     | Found a flagged portal.
  7519 | Bailey   | Entered a bailey
  7596 | Bailey   | Reached skill level 5 in Fighting
  7601 | Bailey   | Reached **** piety under Okawaru
  7840 | Bailey   | Noticed an orc knight
  7847 | Bailey   | Noticed an orc knight
  7853 | Bailey   | Killed an orc knight
  7874 | Bailey   | Killed an orc knight
  7874 | Bailey   | Reached skill level 5 in Armour
  7874 | Bailey   | Reached skill level 5 in Shields
  7874 | Bailey   | Reached XP level 11. HP: 31/92 MP: 11/11
  8217 | D:10     | Killed an unseen horror
  8217 | D:10     | Reached ***** piety under Okawaru
  8492 | D:10     | Found Ygrysuel's Weapon Emporium.
  9050 | D:8      | Reached skill level 10 in Fighting
  9226 | Lair:1   | Entered Level 1 of the Lair of Beasts
 10000 | Lair:2   | Received a gift from Okawaru
 10285 | Lair:2   | Noticed an oklob plant
 10732 | Lair:2   | Noticed a six-headed hydra
 10745 | Lair:2   | Killed a 13-headed hydra
 10745 | Lair:2   | Reached XP level 12. HP: 35/112 MP: 9/12
 11028 | Lair:3   | Noticed a five-headed hydra
 11423 | Lair:2   | HP: 4/112 [13-headed hydra (3)]
 11436 | Lair:2   | Killed a 16-headed hydra
 11436 | Lair:2   | Received a gift from Okawaru
 12037 | Lair:3   | Found a runed translucent door.
 12040 | Lair:3   | Noticed Deesahac's ghost (journeyman BaFi)
 12047 | Lair:3   | Identified the cursed +3 spear of Indomitability {protect,
                  | rElec rN+ Int+4}
 12047 | Lair:3   | Noticed a spriggan rider
 12805 | Lair:4   | Found a staircase to the Snake Pit.
 12857 | Lair:4   | Found a dark tunnel.
 12865 | Volcano  | Entered a volcano
 13371 | Volcano  | Found a radiant altar of Vehumet.
 13382 | Volcano  | Reached skill level 10 in Shields
 13404 | Volcano  | Noticed a stone giant
 13409 | Volcano  | Killed a stone giant
 13409 | Volcano  | Reached ****** piety under Okawaru
 13631 | Volcano  | Found the +2 pair of boots of the Assassin {Detection Stab+
                  | Stlth++}
 13697 | Volcano  | Reached XP level 13. HP: 101/118 MP: 13/13
 13843 | Lair:4   | Found a staircase to the Swamp.
 14218 | Lair:4   | Received a gift from Okawaru
 14221 | Lair:4   | Got a pitted war axe {god gift}
 14223 | Lair:4   | Identified the +10 war axe of Sin {chop, rElec rPois Dex-5}
                  | (Okawaru gifted it to you on level 4 of the Lair of Beasts)
 14922 | Lair:5   | Found a viscous altar of Jiyva.
 14922 | Lair:5   | Found a staircase to the Slime Pits.
 15253 | Lair:5   | Received a gift from Okawaru
 15747 | Lair:6   | Entered Level 6 of the Lair of Beasts
 16729 | Lair:6   | Reached skill level 15 in Shields
 16768 | Lair:6   | Received a gift from Okawaru
 16768 | Lair:6   | Reached XP level 14. HP: 123/126 MP: 14/14
 16769 | Lair:6   | Found the +0 pair of fencer's gloves {Riposte Dex+3}
 17118 | Lair:6   | Noticed a dire elephant
 17118 | Lair:6   | Noticed a dire elephant
 17126 | Lair:6   | Killed a dire elephant
 17126 | Lair:6   | Reached skill level 10 in Armour
 17130 | Lair:6   | Killed a dire elephant
 17167 | Lair:6   | Noticed a dire elephant
 17167 | Lair:6   | Noticed a dire elephant
 17179 | Lair:6   | Killed a dire elephant
 17183 | Lair:6   | Killed a dire elephant
 17377 | Lair:6   | Noticed a dire elephant
 17391 | Lair:6   | Killed a dire elephant
 17500 | Lair:6   | Noticed a dire elephant
 17509 | Lair:6   | Killed a dire elephant
 17509 | Lair:6   | Received a gift from Okawaru
 17846 | D:11     | Reached skill level 1 in Invocations
 18463 | D:12     | Found a roughly hewn altar of Beogh.
 18525 | D:12     | Reached skill level 5 in Invocations
 18838 | D:12     | Received a gift from Okawaru
 18926 | D:12     | Found a staircase to the Orcish Mines.
 18940 | D:12     | Found a roughly hewn altar of Beogh.
 19461 | D:13     | Reached skill level 1 in Maces & Flails
 19473 | D:13     | Found a gate leading to a gauntlet.
 19506 | D:13     | Noticed Nessos
 19520 | Gauntlet | Entered a Gauntlet
 19520 | Gauntlet | Found a transporter.
 19869 | Gauntlet | Found a transporter.
 19871 | Gauntlet | Found a transporter.
 19882 | Gauntlet | Found a transporter.
 19886 | Gauntlet | Found a runed translucent door.
 19886 | Gauntlet | Noticed a balrug
 19888 | Gauntlet | Found a runed translucent door.
 19890 | Gauntlet | Found a transporter.
 19912 | Gauntlet | Found a transporter.
 19922 | Gauntlet | Found a transporter.
 19932 | Gauntlet | Found a transporter.
 19952 | Gauntlet | Found a transporter.
 19967 | Gauntlet | Found a transporter.
 19967 | Gauntlet | Found a transporter.
 20015 | Gauntlet | Found a transporter.
 20029 | Gauntlet | Found a transporter.
 20069 | Gauntlet | Found a transporter.
 20243 | Gauntlet | Received a gift from Okawaru
 20287 | Gauntlet | Killed a balrug
 20305 | Gauntlet | Got a pair of faintly humming boots
 20316 | Gauntlet | Identified the +1 pair of boots of Repulsion {MR- Slay+5}
                  | (You found it in a Gauntlet)
 20317 | Gauntlet | Got a scorched wooden ring
 20319 | Gauntlet | Identified the ring "Taxtyribb" {rElec rF+ MR+ Int-5
                  | Stlth+} (You found it in a Gauntlet)
 20357 | Gauntlet | Reached XP level 15. HP: 71/132 MP: 19/21
 20428 | D:13     | Killed Nessos
 20641 | D:13     | Reached skill level 5 in Maces & Flails
 20644 | D:13     | Found a gate to the Vaults.
 20725 | D:13     | Noticed Jorgrun
 20746 | D:13     | Killed Jorgrun
 21016 | D:13     | Received a gift from Okawaru
 21056 | D:13     | Noticed Kirke
 21133 | D:13     | Slain by a harpy

Levels and vault maps discovered:
D:1:      lemuel_arrival_funnel, layout_basic
D:2:      wad_river_or_something, layout_loops_corners, uniq_terence,
          uniq_robin, uniq_jessica, uniq_sigmund
D:3:      layout_loops_ring, first_ration, st_stairs_4
D:4:      minmay_inner_zag, layout_loops_ring, nicolae_ossuary_entry_plus,
          uniq_eustachio
D:5:      layout_basic, minmay_temple_entry_junction, serial_shops, shop,
          nicolae_shop_waterfront, abandoned_shop, uniq_menkaure
D:6:      layout_basic, ashenzari_conservatory_becter, due_unseen_surprise
D:7:      layout_loops_ring, marbit_many_paths, serial_glass, glass_columns_c,
          glass_columns_a, glass_columns_a, glass_columns_c, glass_columns_a,
          glass_columns_b
D:8:      layout_gridville, grunt_temple_overflow_open, erik_lair_island,
          grunt_gozag_breadcrumbs
D:9:      wander_river, layout_basic, uniq_joseph
D:10:     layout_basic, serial_shops, shop, enter_bailey_3, hangedman_fish_farm,
          eino_tiny_chamber
D:11:     layout_small_grid
D:12:     layout_long_grid, minmay_orc_entry_temple_small, special_room
          [special_room_orc], nooodl_orcs_dogs
D:13:     layout_long_grid, david_vaults_5, gauntlet_entry_generic,
          eino_curves_03, uniq_jorgrun, uniq_kirke, uniq_nessos
Temple:   dpeg_five_rooms_temple
Lair:1:   layout_loops_ring, grunt_megastairs_4
Lair:2:   layout_gridlike, lemuel_fruit_fields
Lair:3:   lemuel_ratsnest, layout_chaotic_city, ebering_ghost_funeral_grove,
          grunt_megastairs_5, infiniplex_staircase_pool
Lair:4:   layout_regular_city, swamp_mist_pool,
          minmay_snake_entry_guardpost_medium, enter_volcano_1
Lair:5:   layout_regular_city, slime_altar_1, bh_autumn_forest_stairs,
          eino_house_with_fridge
Lair:6:   due_jungle_book, layout_loops_ring, lemuel_fruit_fields,
          grunt_megastairs_1, serial_bayou_shore_a

Skill      XL: |  1  2  3  4  5  6  7  8  9 10 11 12 13 14 15 |
---------------+----------------------------------------------+-----
Axes           | 3 4 5 8 9 11 14 16 18 | 18.1
Fighting       | 7 12 | 12.3
Shields        | 5 11 15 | 15.0
Armour         | 5 6 8 12 | 12.3
Invocations    | 8 |  8.0
Maces & Flails | 3 8 |  8.1

Action                   |  1- 3 |  4- 6 |  7- 9 | 10-12 | 13-15 || total
-------------------------+-------+-------+-------+-------+-------++-------
Melee: War axe           |    79 |   252 |   149 |       |   156 ||   636
       Broad axe         |       |       |   230 |   644 |   551 ||  1425
       Battleaxe         |       |       |       |    11 |       ||    11
       Unarmed           |       |       |       |       |     2 ||     2
Invok: Heroism           |       |       |     2 |     8 |     4 ||    14
       Finesse           |       |       |       |     2 |     1 ||     3
Evoke: Wand              |       |       |       |       |     1 ||     1
  Use: Potion            |       |     1 |       |     7 |       ||     8
       Scroll            |       |     3 |    11 |     9 |    25 ||    48
  Eat: Chunk             |       |     7 |    13 |    13 |    13 ||    46
       Ration            |       |       |       |     3 |     3 ||     6
Armor: Scale mail        |     4 |       |       |       |       ||     4
       Plate armour      |    50 |   114 |   179 |   287 |   284 ||   914
Dodge: Dodged            |     8 |    21 |    57 |   331 |   249 ||   666
       Deflected         |       |       |     2 |     5 |    14 ||    21
Block: Shield            |    41 |   108 |   143 |   356 |   401 ||  1049
       Rpst.: Broad axe  |       |       |       |       |    24 ||    24
